 Dungeon Crawl Stone Soup version 0.16.2-12-gd0ad4c3 (webtiles) character file.

385 raysavage39 the Fighter (level 6, 0/62 HPs)
             Began as a Minotaur Fighter on Oct 15, 2015.
             Succumbed to Storyteller215's ghost's sting
             ... on level 4 of the Dungeon.
             The game lasted 00:25:35 (4008 turns).

raysavage39 the Fighter (Minotaur Fighter)          Turns: 4008, Time: 00:25:35

Health: 0/62       AC: 12    Str: 21    XL:     6   Next: 48%
Magic:  3/3        EV:  7    Int:  6    God:
Gold:   184        SH:  0    Dex: 10    Spells: 0 memorised, 5 levels left

rFire  x . .     SeeInvis +     a - +0 war axe
rCold  + + .     Clarity  .     q - +0 ice dragon armour
rNeg   . . .     SustAb   .     c - +0 shield
rPois  .         Gourm    .     (helmet restricted)
rElec  .         Spirit   .     z - +0 cloak
rCorr  .         Warding  .     (no gloves)
rMut   .         Stasis   .     o - +0 pair of boots
MR     .....                    (no amulet)
Stlth  ..........               m - +2 ring of slaying
                                f - ring of see invisible

@: confused, lethally poisoned (0 -> -16), not resistant to hostile
enchantments, extremely unstealthy
A: retaliatory headbutt, horns 2, regeneration 1
a: no special abilities


You were on level 4 of the Dungeon.
You were full.

You visited 2 branches of the dungeon, and saw 5 of its levels.

You collected 184 gold pieces.

Inventory:

Hand weapons
 a - a +0 war axe (weapon)
 e - a +0 flail
 g - a +1 dagger of flaming
 j - a +0 dire flail
 v - a +0 dagger of venom
Armour
 b - a +0 scale mail
 c - a +0 shield (worn)
 o - a +0 pair of boots (worn)
 q - a +0 ice dragon armour (worn)
 s - a +0 buckler
 w - a +0 plate armour
 y - a +0 cloak
 z - a +0 cloak (worn)
Jewellery
 f - a ring of see invisible (left hand)
 l - a -2 ring of evasion
 m - a +2 ring of slaying (right hand)
Magical devices
 i - a wand of confusion (0)
Scrolls
 n - 3 scrolls of remove curse
 r - 2 scrolls of fear
Comestibles
 d - 2 bread rations
 h - a slice of pizza
 u - a beef jerky


   Skills:
 + Level 8.7 Fighting
 - Level 2.6 Axes
 - Level 3.8 Armour
 - Level 3.7 Shields


You had 5 spell levels left.
You didn't know any spells.

Dungeon Overview and Level Annotations

Branches:
Dungeon (4/15)             Temple (1/1) D:4

Altars:
Ashenzari
Cheibriados
Dithmenos
Elyvilon
Fedhas
Gozag
Kikubaaqudgha
Makhleb
Okawaru
Ru
Sif Muna
Trog
Vehumet
Zin

Annotations:
D:4 Storyteller215's ghost, average SpVM


Innate Abilities, Weirdness & Mutations

You reflexively headbutt those who attack you in melee.
You have a pair of horns on your head.
Your natural rate of healing is unusually fast.


Message History

* * * LOW HITPOINT WARNING * * *
x2 You feel sick.
You bump into the rock wall.
You are engulfed in noxious fumes.
You choke on the stench!
You are more confused.
* * * LOW HITPOINT WARNING * * *
x2 You feel very sick.
Storyteller215's ghost barely misses you.
You aren't carrying any potions.
* * * LOW HITPOINT WARNING * * *
You feel sick.
You bump into the rock wall.
* * * LOW HITPOINT WARNING * * *
You feel sick.
Storyteller215's ghost gestures at you while chanting.
The sting hits you!
You are more poisoned.
* * * LOW HITPOINT WARNING * * *
You're too confused to move!
You die...

#######[##.#..###.#..#######.
#.##.#..#......# #.
#.........#.#.## #.
####.#..###.#.# #.
#.#>.###.#.# #. #.#........#
## #.########## ######.###
#......W@# # #.###..#.# # #.#
#ยงยง#.# # #########.###....#
#................# #####
#.#######.###....#########...#
#.# #.####...............# #.#
#........#########...# #.#
######.### ##.##


You could see Storyteller215's ghost.

Vanquished Creatures
  Edmund (D:4)
  A hound (D:4)
  2 orc wizards (D:3)
  A centaur skeleton (D:4)
  An orc priest (D:3)
  4 adders
  3 worms
  5 orcs
  8 hobgoblins
  9 jackals
  2 quokkas
  6 bats
  5 giant cockroaches
  A giant cockroach zombie (D:4)
  4 giant newts
  2 goblins
  A jackal skeleton (D:4)
  13 kobolds
  8 rats
77 creatures vanquished.

Notes
Turn   | Place    | Note
--------------------------------------------------------------
     0 | D:1      | raysavage39, the Minotaur Fighter, began the quest for the Orb.
     0 | D:1      | Reached XP level 1. HP: 19/19 MP: 1/1
   254 | D:1      | Reached skill level 4 in Fighting
   254 | D:1      | Reached XP level 2. HP: 14/27 MP: 1/1
   828 | D:2      | Reached XP level 3. HP: 30/34 MP: 2/2
  1033 | D:2      | Reached skill level 5 in Fighting
  1360 | D:3      | Found a blossoming altar of Fedhas.
  1363 | D:3      | Found an ancient bone altar of Kikubaaqudgha.
  1775 | D:3      | Reached XP level 4. HP: 33/42 MP: 2/2
  1865 | D:3      | Reached skill level 6 in Fighting
  1870 | D:3      | Reached XP level 5. HP: 12/51 MP: 2/2
  2151 | D:3      | Found a blossoming altar of Fedhas.
  2159 | D:3      | Reached skill level 7 in Fighting
  2691 | D:4      | Noticed Storyteller215's ghost (average SpVM)
  2707 | D:4      | Gained mutation: Your natural rate of healing is unusually fast. [potion of beneficial mutation]
  2714 | D:4      | HP: 3/78 [poisoned by Storyteller215's ghost (toxic radiance)]
  2719 | D:4      | HP: 2/78 [poisoned by Storyteller215's ghost (toxic radiance)]
  2726 | D:4      | HP: 2/78 [poisoned by Storyteller215's ghost (toxic radiance)]
  2733 | D:4      | HP: 3/78 [poisoned by Storyteller215's ghost (toxic radiance)]
  3021 | D:4      | Found a staircase to the Ecumenical Temple.
  3042 | Temple   | Entered the Ecumenical Temple
  3426 | D:4      | Reached XP level 6. HP: 61/61 MP: 3/3
  3714 | D:4      | Noticed Edmund
  3749 | D:4      | Killed Edmund
  3749 | D:4      | Reached skill level 8 in Fighting
  4007 | D:4      | HP: 2/62 [Storyteller215's ghost/sting (2)]
  4008 | D:4      | Succumbed to Storyteller215's ghost's sting

Action                   |  1- 3 |  4- 6 || total
-------------------------+-------+-------++-------
Melee: War axe           |    94 |    80 ||   174
  Use: Scroll            |     1 |     5 ||     6
       Potion            |       |     7 ||     7
  Eat: Bread ration      |     1 |     1 ||     2
       Meat ration       |       |     1 ||     1
